 Dungeon Crawl Stone Soup version 0.31-a0-1610-g9787180 (webtiles) character file.

Game seed: 16057976368616537860

9 PidgeyThePirate the Trooper (level 2, -1/24 HPs)
             Began as a Demonspawn Chaos Knight on Jan 8, 2024.
             Was a Plaything of Xom.
             Slain by a killer bee (2 damage)
             ... on level 1 of the Dungeon.
             The game lasted 00:00:32 (220 turns).

PidgeyThePirate the Trooper (DsCK)                   Turns: 220, Time: 00:00:34

Health: -1/24      AC:  5    Str: 12    XL:     2   Next: 6%
Magic:  2/2        EV: 11    Int: 12    God:    Xom [..*...]
Gold:   20         SH:  4    Dex: 12    Spells: 1/1 levels left

rFire   . . .        a - +0 hand axe (chaos)
rCold   . . .        (no shield)
rNeg    . . .        b - +2 leather armour
rPois   .            (no helmet)
rElec   .            (no cloak)
rCorr   .            (no gloves)
SInv    .            (no boots)
Will    .....        (no amulet)
Stlth   +            (no ring)
HPRegen 0.24/turn    (no ring)
MPRegen 0.08/turn

%: no passive effects
@: lethally poisoned (-1 -> -5)
A: condensation shield
a: Renounce Religion


You were on level 1 of the Dungeon.
You worshipped Xom.
You were a toy of Xom.
You visited 1 branch of the dungeon, and saw 1 of its levels.

You collected 20 gold pieces.

Inventory:

Hand Weapons
 a - a +0 hand axe of chaos (weapon)
Armour
 b - a +2 leather armour (worn)
Scrolls
 c - a scroll of butterflies
 d - a scroll of identify {unknown}
Potions
 e - a potion of degeneration {unknown}


   Skills:
 + Level 3.1 Fighting
 + Level 3.0 Axes
 + Level 1.9 Armour
 + Level 0.8 Dodging


You had one spell level left.
You didn't know any spells.
Your spell library contained the following spells:

 Spells                   Type           Power      Damage    Failure   Level
 Stone Arrow              Conj/Erth      0%         3d7       77%         3
 Animate Armour           Summ/Erth      0%         N/A       99%         4
 Olgreb's Toxic Radiance  Alch           0%         N/A       99%         4
 Ozocubu's Refrigeration  Ice            0%         4d7       100%        7
 Discord                  Hex            0%         N/A       100%        8
 Lehudib's Crystal Spear  Conj/Erth      0%         10d2      100%        8


Dungeon Overview and Level Annotations

Branches:
Dungeon (1/15)

Altars:


Innate Abilities, Weirdness & Mutations

A meltable shield of frost defends you. (SH +4)


Message History

Your goblin zombie closely misses the killer bee.
The ball python misses you. The ball python grabs you.
The ball python constricts you.
Your Axes skill increases to level 3!
You have reached level 2!
Your demonic ancestry asserts itself...
Frost condenses into a shield before you.
You hit the killer bee.
The killer bee is lightly wounded.
You hit the ball python.
You kill the ball python!
You block the killer bee's attack. The killer bee closely misses you.
Your goblin zombie misses the killer bee.
The killer bee barely misses you.
You hit the killer bee.
The killer bee is lightly wounded.
You hit the quokka but do no damage. The killer bee barely misses you.
The quokka bites you but does no damage.
The killer bee stings you.
You are poisoned.
The killer bee poisons you!
Your goblin zombie closely misses the killer bee.
The quokka bites you but does no damage.
You barely miss the killer bee.
The killer bee is lightly wounded.
You hit the quokka.
The quokka is poisoned.
You feel sick. The killer bee stings you. x2
A rat comes into view.
Your goblin zombie hits the killer bee but does no damage.
You block the quokka's attack. The killer bee stings you!
* * * LOW HITPOINT WARNING * * *
You barely miss the killer bee.
The killer bee is lightly wounded.
You hit the quokka but do no damage.
* * * LOW HITPOINT WARNING * * *
You feel sick.
You kill the quokka!
The killer bee stings you.
You die...
Xom is highly amused!

####....##
....)..##
#.# .....###
#.# #.####
#.. #.##
#'#####.....
...# #
............
##..##.#
#####...#...
r.... ##.#
#y)# # #@Z#
#..###
#....#
##.#.##
#....#
......#.##
#######.#
#†# #.#


You could see a killer bee (ally target), a rat and a friendly goblin zombie.

Vanquished Creatures
  3 ball pythons (D:1)
  An endoplasm (D:1)
  A giant cockroach (D:1)
  A quokka (D:1)
  A bat (D:1)
  3 goblins (D:1)
10 creatures vanquished.

Notes
Turn   | Place    | Note
-------+----------+-------------------------------------------
     0 | D:1      | PidgeyThePirate the Demonspawn Chaos Knight began the quest
                  | for the Orb.
     0 | D:1      | Reached XP level 1. HP: 18/18 MP: 1/1
   119 | D:1      | XOM: potion effect (haste)
   216 | D:1      | a frilled lizard changed into a killer bee
   216 | D:1      | Noticed a killer bee
   217 | D:1      | Gained mutation: A meltable shield of frost defends you.
                  | (SH +4) [demonic ancestry]
   217 | D:1      | Reached XP level 2. HP: 21/24 MP: 2/2
   219 | D:1      | HP: 1/24 [killer bee (8)]
   220 | D:1      | Slain by a killer bee

Illustrated notes

Levels and vault maps discovered:
D:1:      dpeg_arrival_concentric_ovals, layout_loops_ring, serial_shops, shop

Skill      XL: |  1 |
---------------+----+-----
Axes           | 3 |  3.0
Fighting       | |  3.1
Armour         | |  1.9
Dodging        | |  0.8

Action                     || total
---------------------------++-------
  Melee: Hand axe          ||    34
 Armour: Leather armour    ||    30
  Dodge: Dodged            ||    26
  Block: Other             ||     2

Table legend: (Time is in decaauts)
 A = Elapsed time spent in this place.
 B = Non-inter-level travel time spent in this place.
 C = Inter-level travel time spent in this place.
 D = Time resting spent in this place.
 E = Time spent auto-exploring this place.
 F = Levels seen in this place.
 G = Mean time per level.
                   A        B        C        D        E       F      G
               +--------+--------+--------+--------+--------+-----+--------+
         Total |    205 |    205 |      0 |      0 |    115 |   1 |  205.0 |
       Dungeon |    205 |    205 |      0 |      0 |    115 |   1 |  205.0 |
               +--------+--------+--------+--------+--------+-----+--------+

Top non-repeatable levels by time:
     D:1: 205 daAuts
